Map: Dusk Towers

Players

Miszu - Winner!

  • Race: Terran Terran
  • League: Master

llllllllllll

  • Race: Terran Terran
  • League: Master

VOD

Have the link to the VOD?

Description

Time

  • Played on: March 7, 2016, 5:43 p.m.
  • Length: 12:25
Show
View Real Time Build Order
Export as new Build Order

Miszu Terran - Winner!

Build Orders: 1/1/1, Liberator Opening 

Get SALT Encoding   

  12  0:00  SCV  
  13  0:13  SCV  
  14  0:17  Supply Depot  
  14  0:27  Refinery, SCV  
  15  0:39  SCV  
  16  0:45  Barracks  
  16  0:51  SCV  
  17  1:04  SCV  
  18  1:17  SCV  
  19  1:25  Refinery  
  20  1:34  Factory, Orbital Command  
  20  1:37  Supply Depot  
  19  1:46  Reaper  
  20  2:00  SCV  
  21  2:09  Supply Depot  
  21  2:12  SCV  
  22  2:18  Hellion, Reaper  
  22  2:19  Starport  
  25  2:24  SCV  
  26  2:37  SCV  
  26  2:38  Supply Depot  
  26  2:39  Liberator  
  26  2:40  Hellion  
  30  2:51  SCV  
  34  3:04  Hellion  
  36  3:11  Barracks Tech Lab  
  36  3:12  SCV  
  35  3:29  Command Center  
  35  3:30  SCV  
  36  3:36  Barracks Reactor  
  36  3:38  Medivac  
  38  3:42  SCV  
  38  3:47  Supply Depot  
  39  3:54  SCV  
  40  4:06  SCV  
  41  4:12  Command Center  
  41  4:18  SCV  
  42  4:28  Siege Tank  
  42  4:30  SCV  
  46  4:39  Marine x2  
  46  4:42  SCV  
  46  4:43  Viking  
  52  4:48  Orbital Command  
  51  4:54  SCV  
  51  4:58  Marine x2  
  51  5:06  SCV  
  52  5:13  Barracks x2  
  52  5:15  SCV  
  52  5:19  SCV  
  54  5:24  Orbital Command  
  54  5:27  SCV  
  54  5:28  Starport Reactor  
  55  5:30  Marine x2  
  55  5:31  SCV  
  58  5:39  SCV  
  58  5:40  Refinery x2  
  59  5:43  SCV  
  59  5:48  Marine x2  
  62  5:51  SCV  
  62  5:52  SCV  
  64  6:00  SCV  
  64  6:03  SCV  
  66  6:05  Barracks Tech Lab x2  
  66  6:06  Marine x2  
  66  6:10  SCV  
  66  6:11  Barracks  
  69  6:12  SCV  
  69  6:13  Engineering Bay, Barracks  
  69  6:15  Engineering Bay  
  69  6:16  Orbital Command  
  69  6:17  Siege Tank  
  69  6:18  Medivac  
  74  6:22  SCV  
  74  6:23  Marine  
  74  6:24  Marine, SCV  
  74  6:25  Supply Depot  
  78  6:27  Supply Depot  
  78  6:28  Marine  
  79  6:34  SCV  
  79  6:36  SCV  
  79  6:38  Marine  
  82  6:40  Terran Infantry Weapons Level 1  
  82  6:46  SCV x2  
  82  6:48  SCV  
  82  6:49  Marine  
  82  6:50  Marine  
  85  6:58  SCV  
  86  7:04  Marine  
  86  7:05  Barracks Reactor x2  
  86  7:06  Medivac x2, Siege Tank, SCV  
  86  7:07  SCV  
  96  7:15  Supply Depot, Marine  
  96  7:17  Supply Depot  
  96  7:22  Marine x2  
  98  7:23  Marine  
  98  7:24  Combat Shields  
  98  7:25  Stimpack  
  98  7:26  SCV  
  100  7:33  Marine  
  100  7:36  SCV  
  103  7:37  Terran Infantry Armor Level 1  
  103  7:38  SCV  
  103  7:39  Marine  
  103  7:40  Armory  
  103  7:41  Refinery  
  103  7:43  Refinery  
  104  7:44  Supply Depot  
  104  7:46  Supply Depot  
  104  7:48  Siege Tank  
  104  7:50  Medivac  
  109  7:53  Medivac  
  109  7:54  SCV  
  109  7:55  SCV  
  109  7:56  SCV  
  112  8:06  Marine, SCV  
  112  8:07  Supply Depot, Marine, SCV  
  112  8:08  Supply Depot, SCV  
  112  8:09  Factory  
  115  8:13  Marine  
  115  8:17  Marine x3  
  115  8:18  SCV  
  115  8:19  SCV  
  123  8:20  SCV  
  123  8:24  Marine, Siege Tank  
  128  8:29  Marine  
  128  8:31  Marine  
  128  8:33  Medivac  
  132  8:35  Marine x2  
  132  8:40  Sensor Tower  
  132  8:41  Supply Depot  
  132  8:42  Sensor Tower  
  132  8:44  Supply Depot  
  132  8:46  Marine x4  
  132  8:47  Marine  
  137  8:49  Marine  
  137  8:51  Supply Depot, Medivac  
  137  8:52  Marine  
  137  8:53  Marine, Terran Vehicle Weapons Level 1  
  142  8:59  Terran Infantry Weapons Level 2  
  142  9:04  Marine x2  
  142  9:05  Siege Tank, Factory Tech Lab  
  146  9:16  Marine x2  
  148  9:17  Command Center  
  140  9:25  Marine  
  140  9:26  Marine x3, Siege Tank  
  147  9:32  Marine  
  147  9:35  Medivac x2  
  147  9:37  Terran Infantry Armor Level 2, Siege Tank  
  155  9:47  Marine  
  155  9:48  Supply Depot  
  155  9:50  Supply Depot, Marine x2  
  155  9:51  Marine x5  
  163  9:54  Supply Depot  
  163  9:58  Siege Tank  
  166  10:05  Marine, Medivac  
  166  10:06  Missile Turret  
  169  10:08  Marine x2  
  169  10:09  Marine, Siege Tank, Missile Turret  
  169  10:11  Missile Turret  
  174  10:14  Missile Turret  
  174  10:16  Marine  
  174  10:17  Marine  
  176  10:30  Siege Tank  
  176  10:32  Marine x6  
  176  10:34  Marine  
  176  10:35  Marine  
  182  10:36  Missile Turret  
  182  10:41  Siege Tank  
  185  10:49  Marine  
  185  10:50  Marine  
  185  10:51  Marine x4, Refinery  
  185  10:52  Marine x2  
  185  10:55  Sensor Tower  
  193  10:58  Refinery  
  193  11:00  Medivac  
  193  11:03  Siege Tank  
  198  11:06  Planetary Fortress  
  198  11:07  Marine  
  200  11:12  Marine  
  200  11:14  Barracks  
  200  11:16  Barracks  
  198  11:20  Barracks  
  167  11:53  Marine x3  
  167  11:54  Marine x5  
Show
View Real Time Build Order
Export as new Build Order

llllllllllll Terran 

Build Orders: Reaper Expand, MMM Bio 

Get SALT Encoding   

  12  0:00  SCV  
  13  0:13  SCV  
  14  0:17  Supply Depot  
  14  0:25  SCV  
  15  0:39  SCV  
  15  0:40  Barracks  
  16  0:44  Refinery  
  16  0:51  SCV  
  17  1:03  SCV  
  18  1:15  SCV  
  19  1:28  Orbital Command  
  19  1:29  Reaper  
  20  1:46  Command Center  
  20  1:55  SCV  
  20  1:56  Supply Depot  
  20  2:01  Marine  
  21  2:07  SCV  
  23  2:10  Factory  
  23  2:17  Refinery  
  23  2:22  Bunker  
  23  2:25  SCV  
  23  2:27  Marine  
  25  2:37  SCV  
  26  2:48  Barracks Reactor  
  26  2:49  SCV  
  27  2:54  Starport  
  27  2:59  SCV  
  27  3:01  SCV  
  29  3:06  Factory Tech Lab  
  29  3:15  SCV  
  29  3:16  Orbital Command  
  29  3:19  Supply Depot  
  30  3:24  Marine  
  30  3:25  Marine  
  32  3:27  SCV  
  32  3:31  Cyclone  
  36  3:40  SCV  
  37  3:42  Marine x2  
  37  3:43  SCV  
  40  3:51  Medivac  
  40  3:52  SCV  
  43  4:00  Bunker, SCV  
  43  4:02  Marine x2  
  45  4:14  SCV  
  44  4:20  SCV  
  45  4:24  Engineering Bay  
  45  4:29  SCV  
  46  4:33  Marine x2  
  48  4:41  SCV  
  50  4:45  SCV  
  50  4:49  Supply Depot  
  50  4:57  SCV  
  50  4:59  Marine x2  
  53  5:01  SCV  
  53  5:03  Missile Turret  
  53  5:04  Missile Turret  
  54  5:10  Siege Tank, SCV  
  54  5:13  Viking  
  60  5:18  Marine, SCV  
  62  5:25  Supply Depot  
  62  5:28  Supply Depot  
  62  5:39  Refinery  
  62  5:41  Refinery  
  62  5:42  Barracks  
  62  5:44  Barracks  
  62  5:47  Viking, SCV x2  
  62  5:49  Terran Infantry Weapons Level 1  
  66  5:53  Barracks Tech Lab  
  66  5:59  SCV  
  67  6:04  SCV  
  67  6:07  Missile Turret x2  
  67  6:09  Siege Tank  
  71  6:15  SCV  
  71  6:16  Marine, Stimpack, SCV  
  74  6:25  Starport Reactor  
  74  6:27  SCV  
  74  6:31  Supply Depot, Barracks Reactor  
  75  6:32  Barracks Reactor  
  75  6:35  SCV  
  75  6:36  Command Center  
  76  6:43  Marine  
  77  6:48  SCV  
  77  6:52  SCV  
  77  6:53  Supply Depot x2  
  76  7:05  Marine  
  76  7:06  Medivac x2, Siege Tank  
  76  7:08  SCV  
  85  7:18  Marine x2  
  85  7:19  Marine x2  
  89  7:23  Marine  
  89  7:24  SCV x2  
  89  7:28  Supply Depot  
  92  7:30  Supply Depot  
  92  7:34  Supply Depot  
  92  7:35  Supply Depot  
  92  7:36  SCV  
  92  7:37  SCV  
  94  7:41  Marine  
  94  7:44  Terran Infantry Armor Level 1  
  95  7:49  SCV x2  
  95  7:50  Orbital Command  
  97  7:56  Marine x3  
  97  7:57  Marine  
  100  8:01  Refinery, SCV x2  
  101  8:11  Engineering Bay, Armory  
  101  8:13  SCV x2  
  101  8:17  Combat Shields  
  101  8:18  Marine x4  
  107  8:22  SCV  
  107  8:25  SCV  
  107  8:26  Sensor Tower  
  109  8:27  Supply Depot  
  109  8:28  Supply Depot  
  109  8:29  Marine  
  109  8:31  SCV  
  111  8:38  Barracks  
  111  8:39  Barracks  
  111  8:40  SCV x2  
  113  8:42  Refinery  
  113  8:46  Siege Tank, Missile Turret  
  113  8:47  Marine  
  117  8:49  Marine x2  
  117  8:50  SCV  
  117  8:53  Marine x2  
  122  8:58  Medivac  
  122  8:59  SCV x2  
  126  9:04  Marine  
  127  9:10  SCV  
  127  9:11  Marine x3  
  131  9:18  Siege Tank  
  124  9:26  Marine x2  
  124  9:30  Marine x2  
  123  9:31  Marine x2  
  123  9:32  Marine x2  
  123  9:34  SCV  
  123  9:35  SCV  
  123  9:36  Medivac  
  123  9:37  Medivac  
  132  9:40  Supply Depot x2, Terran Infantry Armor Level 2, Terran Infantry Weapons Level 2  
  132  9:41  Terran Vehicle Weapons Level 1  
  132  9:44  Marine x2  
  134  9:48  Marine  
  134  9:50  Marine x3  
  134  9:51  Marine x2  
  140  9:54  Factory  
  140  10:02  Marine x2  
  140  10:05  Marine, Siege Tank  
  146  10:08  Marine x3  
  146  10:10  Marine x2  
  146  10:13  Medivac x2  
  155  10:19  Marine  
  156  10:27  Marine x2  
  148  10:33  Marine x3  
  152  10:35  Barracks Reactor  
  152  10:37  Siege Tank, SCV  
  152  10:41  Supply Depot, Marine  
  152  10:42  Supply Depot x2, Marine, Factory Tech Lab  
  157  10:45  Marine  
  158  10:52  Marine x3  
  161  10:57  Marine  
  161  10:58  Medivac x2  
  161  10:59  Marine x2  
  161  11:03  Marine, Siege Tank  
  172  11:09  Marine, Siege Tank  
  172  11:10  Marine x2  
  178  11:11  Marine x2  
  178  11:15  Marine  
  178  11:17  Marine x2  
  183  11:21  Marine  
  183  11:25  Command Center  
  183  11:27  Marine x2  
  183  11:28  Marine  
  183  11:29  Marine x2  
  188  11:33  Marine  
  188  11:35  Marine x2, Siege Tank  
  188  11:38  Marine  
  190  11:45  Marine x3  
  146  11:47  Marine  
  146  11:48  Marine  
  146  11:51  Marine  
  146  11:53  Marine x2  
  131  11:54  Medivac x2  
  131  11:56  Marine  
  131  11:59  SCV  
  137  12:03  Marine x3  
  137  12:07  Supply Depot  
  144  12:08  Supply Depot  
Tags
 
Add a new tag
Caveats
  • Supply blocks, unpowered buildings, or Contaminate may cause inaccurate times.
  • Supply counts are checked every 10 seconds.